 Dungeon Crawl Stone Soup version 0.18.1-5-g4a78601 (webtiles) character file.

73152 mrath the Basher (level 15, -8/134 HPs)
             Began as a Minotaur Fighter on May 12, 2016.
             Was an Elder of Okawaru.
             Hit by a large rock thrown by a cyclops (26 damage)
             ... on level 2 of the Orcish Mines.
             The game lasted 02:50:27 (27798 turns).

mrath the Basher (Minotaur Fighter)                Turns: 27798, Time: 02:50:28

Health: -8/134     AC: 22    Str: 23    XL:     15   Next: 3%
Magic:  20/20      EV: 14    Int: 11    God:    Okawaru [****..]
Gold:   2347       SH:  2    Dex: 19    Spells: 0 memorised, 14 levels left

rFire  x . .     SeeInvis .     M - +6 hunting sling of Cuuf {venom, rPois}
rCold  + + +     Gourm    .     u - +0 plate armour
rNeg   + . .     Faith    .     (no shield)
rPois  +         Spirit   .     (helmet restricted)
rElec  .         Dismiss  .     r - +1 cloak of Xidd {rN+}
rCorr  .         Reflect  +     F - +1 pair of gloves {archery}
SustAt +         Harm     .     H - +0 pair of boots
MR     +....                    q - +2 amulet of reflection
Stlth  ..........               i - ring "Zuustoda" {SustAt rPois rF- rC+++ Int+6}
                                X - +5 ring of dexterity

@: somewhat resistant to hostile enchantments, extremely unstealthy
A: retaliatory headbutt, horns 2
a: Heroism, Renounce Religion


You were on level 2 of the Orcish Mines.
You worshipped Okawaru.
Okawaru was greatly pleased with you.
You were not hungry.

You visited 4 branches of the dungeon, and saw 22 of its levels.
You also visited: Labyrinth and Ice Cave.

You collected 2347 gold pieces.

Inventory:

Hand Weapons
 p - a +1 flail of protection
 M - the +6 hunting sling of Cuuf (weapon) {venom, rPois}
   (You found it on level 3 of the Lair of Beasts)

   It poisons the ammo it fires.
   It protects you from poison.
 W - the +11 glaive of Yredelemnul's Esteem {chop, rF+ MR+ Stlth+}
   (You found it on level 8 of the Lair of Beasts)

   It inflicts extra damage upon your enemies.
   It protects you from fire.
   It affects your resistance to hostile enchantments.
   It makes you more stealthy.
Missiles
 t - 6 tomahawks
 L - 3 poisoned javelins
 O - 6 javelins of returning
 P - 120 sling bullets (quivered)
Armour
 c - a +0 shield
 r - the +1 cloak of Xidd (worn) {rN+}
   (Okawaru gifted it to you on level 8 of the Lair of Beasts)

   It protects you from negative energy.
 u - a +0 plate armour (worn)
 F - a +1 pair of gloves of archery (worn)
 H - a +0 pair of boots (worn)
Rods
 h - a +7 iron rod (14/14)
   (You took it off a minotaur in a labyrinth)
 y - a +3 lightning rod (12/12)
   (You found it in a labyrinth)
Jewellery
 a - an uncursed ring of positive energy
 i - the ring "Zuustoda" (right hand) {SustAt rPois rF- rC+++ Int+6}
   (You took it off a minotaur in a labyrinth)

   [ring of sustain attributes]

   It sustains your strength, intelligence and dexterity.
   It affects your intelligence (+6).
   It makes you vulnerable to fire.
   It renders you almost immune to cold.
   It protects you from poison.
 k - an uncursed ring of protection from fire
 q - a +2 amulet of reflection (around neck)
 X - a +5 ring of dexterity (left hand)
Wands
 m - a wand of heal wounds (4/9)
 n - a wand of digging (3/24)
 s - a wand of flame (21/48)
 w - a wand of iceblast (4/15)
 C - a wand of acid (9/15)
 S - a wand of lightning (5/15)
 U - a wand of teleportation (2/9)
Scrolls
 g - 3 scrolls of blinking
 j - 7 scrolls of remove curse
 l - 4 scrolls of fog
 v - 3 scrolls of identify
 D - 11 scrolls of teleportation
Potions
 b - 2 potions of flight
 d - 2 potions of might
 e - 3 potions of berserk rage
 o - 6 potions of curing
 I - 3 potions of agility
 J - 2 potions of cancellation
Miscellaneous
 N - a lamp of fire
 Z - a phantom mirror
Comestibles
 f - 31 chunks of flesh
 K - 6 beef jerkies


   Skills:
 + Level 12.3 Fighting
 - Level 12.9 Maces & Flails
 * Level 3.9 Polearms
 + Level 9.5 Throwing
 + Level 12.6 Armour
 + Level 10.9 Dodging
 + Level 12.6 Shields
 + Level 5.3 Invocations
 + Level 8.5 Evocations


You had 14 spell levels left.
You didn't know any spells.

Dungeon Overview and Level Annotations

Branches:
Dungeon (11/15)            Temple (1/1) D:6            Lair (8/8) D:8
  Swamp (0/4) Lair:5       Spider (0/4) Lair:6        Slime (0/6) Lair:8
    Orc (2/2) D:11            Elf (0/3) Orc:2

Altars:
Ashenzari
Cheibriados
Dithmenos
Fedhas
Gozag
Kikubaaqudgha
Makhleb
Nemelex Xobeh
Okawaru
Pakellas
Qazlal
Ru
Sif Muna
Trog
Vehumet
Xom
Zin
The Shining One
Beogh
Jiyva

Annotations:
D:11 Maurice


Innate Abilities, Weirdness & Mutations

You reflexively headbutt those who attack you in melee.
You have a pair of horns on your head.


Message History

Press: ? - help, Shift-Dir - straight line, f/p - cyclops
Aim: a cyclops (moderately wounded)
You shoot a sling bullet. The sling bullet hits the cyclops.
The cyclops is poisoned.
The cyclops is moderately wounded.
Firing (i - inventory. (,) - cycle):
P - 122 sling bullets (quivered)
Press: ? - help, Shift-Dir - straight line, f/p - cyclops
Aim: a cyclops (moderately wounded, poisoned)
You shoot a sling bullet. The sling bullet hits the cyclops.
The cyclops looks even sicker.
The cyclops is moderately wounded.
The cyclops throws a large rock.
The large rock hits you!
* * * LOW HITPOINT WARNING * * *
Firing (i - inventory. (,) - cycle):
P - 121 sling bullets (quivered)
Press: ? - help, Shift-Dir - straight line, f/p - cyclops
Aim: a cyclops (moderately wounded, poisoned)
You shoot a sling bullet. The sling bullet hits the cyclops!
The cyclops is severely wounded.
The cyclops throws a large rock.
The large rock hits you!!
You die...

...#### ### ........(....
....#### ##.## #.....C....(
.....#.## #...####...$$O(....
........####.##.###..........
......<..##....)..#))).#.....
......#..##().)())).)...#....
.....#....).)#.#)............
.....##.<##.#####))#.##(..o#
.....######## #@)..## .((...
.....## ##))## ....O.
.#....## #.## ....(o .#.....#
... ..( #...#.## ...##
...#### #.### #.## ## ###


You could see a cyclops and an ogre (wandering).

Vanquished Creatures
  A frost giant (IceCv)
  An orc warlord (Orc:1)
  A minotaur (Lab)
  Erolcha (D:10)
  4 hydras
  A catoblepas (Lair:8)
  A deep troll shaman (Lair:8)
  7 death yaks
  2 ogre magi (Orc:2)
  Nergalle (D:11)
  A lindwurm (Lair:8)
  A deep troll (Orc:2)
  2 hill giants (D:10)
  An orc knight (Orc:2)
  An orc sorcerer (Orc:1)
  3 griffons
  An oklob plant (Lair:7)
  13 elephants
  A cyclops (Orc:2)
  An ice statue (IceCv)
  7 black mambas
  7 spiny frogs
  3 centaur skeletons
  2 rime drakes
  15 komodo dragons
  20 polar bears
  8 trolls
  4 blink frogs (Lair:6)
  3 two-headed ogres (Orc:2)
  64 yaks
  3 wyverns
  2 basilisks (Lair:6)
  4 vampire mosquitoes (Lair:5)
  14 hippogriffs
  A mottled dragon (D:11)
  3 wargs
  3 soldier ants
  12 porcupines
  24 water moccasins
  5 black bears
  9 orc warriors
  An ice beast (D:10)
  22 ogres
  6 necrophages (Lair:5)
  2 sky beasts (D:8)
  3 phantoms
  41 wolves
  7 centaurs
  16 crocodiles
  2 big kobolds
  28 giant frogs
  A gnoll sergeant (D:6)
  12 killer bees
  2 scorpions
  7 wights
  6 electric eels (D:8)
  5 howler monkeys
  6 crimson imps
  2 centaur zombies
  A giant frog zombie (D:8)
  3 jellies
  10 orc priests
  16 hounds
  3 giant frog skeletons
  14 orc wizards
  11 iguanas
  5 worker ants
  A killer bee zombie (D:6)
  22 sheep
  A hound zombie (D:7)
  A hound skeleton (D:4)
  Robin (D:4)
  7 gnolls (D:6)
  A worker ant zombie (D:3)
  12 adders
  96 river rats
  4 shadow imps
  An ooze (D:3)
  2 worms (D:2)
  A dart slug (D:3)
  2 giant geckos
  58 orcs
  2 ball pythons
  2 bats (D:1)
  4 giant cockroaches
  9 goblins
  11 hobgoblins
  13 jackals
  3 quokkas
  A giant gecko zombie (D:5)
  6 giant newts
  A jackal skeleton (D:5)
  24 kobolds
  9 rats
  A fungus (Lair:2)
  2 plants
788 creatures vanquished.

Vanquished Creatures (others)
  A deep elf annihilator (D:2)
  A wolf (IceCv)
  A centaur (D:9)
  A jackal (D:8)
  13 fungi
  6 plants
23 creatures vanquished.

Grand Total: 811 creatures vanquished

Notes
Turn   | Place    | Note
--------------------------------------------------------------
     0 | D:1      | mrath the Minotaur Fighter began the quest for the Orb.
     0 | D:1      | Reached XP level 1. HP: 19/19 MP: 0/0
   328 | D:1      | Reached XP level 2. HP: 26/26 MP: 1/1
   953 | D:2      | Reached XP level 3. HP: 26/31 MP: 2/2
  1198 | D:2      | Found an oddly glowing altar of Pakellas.
  1199 | D:2      | Noticed a deep elf annihilator
  1204 | D:2      | Killed a deep elf annihilator
  1451 | D:3      | Reached skill level 5 in Maces & Flails
  1615 | D:3      | Reached XP level 4. HP: 39/39 MP: 3/3
  1748 | D:3      | Found a bloodstained altar of Trog.
  2375 | D:4      | Reached XP level 5. HP: 46/46 MP: 4/4
  2591 | D:4      | Reached skill level 1 in Dodging
  2601 | D:4      | Reached XP level 6. HP: 39/53 MP: 5/5
  3058 | D:4      | Found a glowing golden altar of the Shining One.
  3075 | D:4      | Found a snail-covered altar of Cheibriados.
  3285 | D:4      | Reached XP level 7. HP: 60/60 MP: 6/6
  3385 | D:4      | Noticed Robin
  3395 | D:4      | Killed Robin
  3583 | D:5      | Entered Level 5 of the Dungeon
  3588 | D:5      | Found an ancient bone altar of Kikubaaqudgha.
  3589 | D:5      | Found a blossoming altar of Fedhas.
  3971 | D:5      | Reached skill level 5 in Fighting
  3984 | D:5      | Reached skill level 5 in Armour
  3984 | D:5      | Reached skill level 5 in Shields
  4692 | D:6      | Found a sparkling altar of Nemelex Xobeh.
  4743 | D:6      | Found a staircase to the Ecumenical Temple.
  4919 | Temple   | Entered the Ecumenical Temple
  4934 | Temple   | Became a worshipper of Warmaster Okawaru
  4990 | D:5      | Reached XP level 8. HP: 49/70 MP: 7/7
  5157 | D:6      | Reached skill level 1 in Evocations
  5539 | D:6      | Reached * piety under Okawaru
  5812 | D:7      | Reached skill level 1 in Throwing
  5904 | D:7      | Found an opulent altar of Gozag.
  6420 | D:7      | Found a shadowy altar of Dithmenos.
  6667 | D:6      | Reached XP level 9. HP: 78/78 MP: 9/9
  6970 | D:8      | Noticed a troll
  6996 | D:8      | Killed a troll
  6996 | D:8      | Reached ** piety under Okawaru
  6996 | D:8      | Reached skill level 5 in Dodging
  7492 | D:8      | Found a sacrificial altar of Ru.
  7766 | D:8      | Found a snail-covered altar of Cheibriados.
  8228 | D:8      | Reached *** piety under Okawaru
  8614 | D:9      | Reached XP level 10. HP: 86/86 MP: 8/11
  9238 | D:9      | Reached **** piety under Okawaru
  9556 | D:10     | Entered Level 10 of the Dungeon
  9677 | D:10     | Received a gift from Okawaru
  9811 | D:10     | Noticed a hill giant
  9820 | D:10     | Killed a hill giant
  9975 | D:10     | Reached ***** piety under Okawaru
 10003 | D:10     | Reached XP level 11. HP: 86/95 MP: 13/13
 10007 | D:10     | Reached skill level 10 in Maces & Flails
 10041 | D:10     | Noticed Erolcha
 10064 | D:10     | Killed Erolcha
 10064 | D:10     | Reached skill level 5 in Throwing
 10064 | D:10     | Reached skill level 5 in Evocations
 10310 | D:10     | Noticed a hill giant
 10319 | D:10     | Killed a hill giant
 10982 | D:8      | Found a staircase to the Lair.
 10986 | D:8      | Received a gift from Okawaru
 11480 | Lair:1   | Entered Level 1 of the Lair of Beasts
 11623 | Lair:1   | Received a gift from Okawaru
 11795 | Lair:1   | Found a frozen archway.
 11803 | IceCv    | Entered an ice cave
 12134 | IceCv    | Reached skill level 10 in Shields
 12144 | IceCv    | Reached ****** piety under Okawaru
 12287 | IceCv    | Received a gift from Okawaru
 12350 | IceCv    | Reached XP level 12. HP: 105/105 MP: 15/15
 12378 | IceCv    | Received a gift from Okawaru
 12402 | IceCv    | Got a brightly glowing chain mail {god gift}
 12427 | IceCv    | Identified the +1 chain mail of Muyju {+Inv Str-3 Dex+6} (Okawaru gifted it to you in an ice cave)
 12812 | IceCv    | Reached skill level 10 in Armour
 12984 | IceCv    | Noticed a death yak
 12984 | IceCv    | Noticed a frost giant
 12999 | IceCv    | Killed a frost giant
 13015 | IceCv    | Killed a death yak
 13017 | IceCv    | Reached skill level 10 in Fighting
 14437 | Lair:2   | Received a gift from Okawaru
 15683 | Lair:3   | Got a warped hunting sling
 16082 | Lair:4   | Reached XP level 13. HP: 114/114 MP: 14/17
 16599 | Lair:4   | Received a gift from Okawaru
 16607 | Lair:4   | Reached skill level 1 in Invocations
 17365 | Lair:5   | Received a gift from Okawaru
 17680 | Lair:5   | Found a staircase to the Swamp.
 17767 | Lair:5   | Received a gift from Okawaru
 17776 | Lair:5   | Got an encrusted ring mail {god gift}
 17798 | Lair:5   | Reached skill level 10 in Dodging
 17803 | Lair:5   | Got a scorched greatsling
 18284 | Lair:2   | Identified the +1 ring mail of the Worm {-Cast Str+5 Dex+4 SInv} (Okawaru gifted it to you on level 5 of the Lair of Beasts)
 19280 | Lair:6   | Found a hole to the Spider Nest.
 20566 | Lair:7   | Reached XP level 14. HP: 121/124 MP: 18/18
 20838 | Lair:7   | Received a gift from Okawaru
 21381 | Lair:8   | Entered Level 8 of the Lair of Beasts
 21422 | Lair:8   | Received a gift from Okawaru
 21426 | Lair:8   | Got a twisted shortbow {god gift}
 21626 | Lair:8   | Got a translucent quarterstaff
 21910 | Lair:8   | Found a viscous altar of Jiyva.
 21910 | Lair:8   | Found a staircase to the Slime Pits.
 22562 | Lair:8   | Got an ebony glaive
 22986 | Lair:8   | Received a gift from Okawaru
 23220 | Lair:8   | Got a heavily runed cloak {god gift}
 23374 | Lair:8   | Identified the +1 cloak of Xidd {rN+} (Okawaru gifted it to you on level 8 of the Lair of Beasts)
 24137 | Lair:2   | Identified the +6 hunting sling of Cuuf {venom, rPois} (You found it on level 3 of the Lair of Beasts)
 24138 | Lair:2   | Identified the +3 greatsling of the Scorpion {speed, +Inv rElec rN+} (You found it on level 5 of the Lair of Beasts)
 24147 | Lair:2   | Identified the +1 shortbow "Deedofer" {flame, Fragile rElec rC+ Int+6} (Okawaru gifted it to you on level 8 of the Lair of Beasts)
 24157 | Lair:2   | Identified the +11 glaive of Yredelemnul's Esteem {chop, rF+ MR+ Stlth+} (You found it on level 8 of the Lair of Beasts)
 24361 | D:11     | Noticed Nergalle
 24363 | D:11     | Noticed Maurice
 24617 | D:11     | Found a staircase to the Orcish Mines.
 24671 | D:11     | Reached skill level 1 in Polearms
 24794 | D:11     | Killed Nergalle
 24858 | D:11     | Found a labyrinth entrance.
 24873 | Lab      | Entered a labyrinth
 26059 | Lab      | Got a glittering brass ring
 26299 | Orc:1    | Entered Level 1 of the Orcish Mines
 26607 | Lair:2   | Identified the ring "Zuustoda" {SustAt rPois rF- rC+++ Int+6} (You took it off a minotaur in a labyrinth)
 26880 | Orc:1    | Found a roughly hewn altar of Beogh.
 27132 | Orc:1    | Paralysed by an orc sorcerer for 4 turns
 27261 | Orc:1    | Noticed an orc warlord
 27274 | Orc:1    | Killed an orc warlord
 27274 | Orc:1    | Reached skill level 5 in Invocations
 27322 | Orc:2    | Entered Level 2 of the Orcish Mines
 27491 | Orc:2    | Found a staircase to the Elven Halls.
 27744 | Orc:2    | Received a gift from Okawaru
 27761 | Orc:2    | Reached XP level 15. HP: 60/133 MP: 20/20
 27798 | Orc:2    | Hit by a large rock thrown by a cyclops

Skill      XL: |  1  2  3  4  5  6  7  8  9 10 11 12 13 14 |
---------------+-------------------------------------------+-----
Maces & Flails | 3 4 5 6 7 8 9 10 11 12 | 12.9
Fighting       | 4 5 6 7 8 9 10 11 12 | 12.3
Dodging        | 1 2 3 4 6 7 8 9 10 | 10.9
Shields        | 4 5 6 7 8 10 11 12 | 12.6
Armour         | 4 5 6 7 8 9 10 11 12 | 12.6
Evocations     | 2 3 4 5 6 7 8 |  8.5
Throwing       | 1 3 4 6 7 8 9 |  9.5
Invocations    | 3 5 |  5.3
Polearms       | 3 |  3.9

Action                   |  1- 3 |  4- 6 |  7- 9 | 10-12 | 13-15 || total
-------------------------+-------+-------+-------+-------+-------++-------
Melee: Flail             |    86 |   161 |   415 |  1026 |  1124 ||  2812
       Headbutt          |    15 |    29 |    78 |   300 |   429 ||   851
       Unarmed           |       |       |       |     8 |       ||     8
       Glaive            |       |       |       |       |   191 ||   191
 Fire: Hunting sling     |       |       |       |       |    70 ||    70
       Greatsling        |       |       |       |       |     2 ||     2
Throw: Stone             |     8 |     2 |     7 |     4 |       ||    21
       Tomahawk          |       |       |    13 |    22 |     4 ||    39
       Javelin           |       |       |       |    30 |    62 ||    92
Invok: Heroism           |       |       |     4 |    11 |    27 ||    42
       Finesse           |       |       |       |     2 |     8 ||    10
  Use: Scroll            |       |       |     7 |     4 |    11 ||    22
 Stab: Invisible         |       |       |     1 |       |       ||     1
  Eat: Chunk             |     2 |     6 |    17 |    25 |    34 ||    84
       Beef jerky        |       |       |       |     1 |     2 ||     3
       Fruit             |       |       |       |       |     3 ||     3
       Pizza             |       |       |       |       |     2 ||     2
Armor: Scale mail        |     7 |       |       |       |       ||     7
       Chain mail        |    21 |       |       |       |       ||    21
       Plate armour      |    15 |   118 |   235 |   402 |   513 ||  1283
Dodge: Dodged            |    17 |    22 |    96 |   337 |   607 ||  1079
Block: Shield            |    45 |    92 |   266 |   748 |   765 ||  1916
       Reflection        |       |       |    10 |     2 |     3 ||    15
       Other             |       |       |       |       |    25 ||    25
